 Dungeon Crawl Stone Soup version 0.21-a0-92-g7bf63f6 (webtiles) character file.

413032 MackTheKnife the Ninja (level 22, -13/176 HPs)
             Began as a Vampire Enchanter on July 1, 2017.
             Was the Champion of Dithmenos.
             Mangled by a titan (22 damage)
             ... on level 3 of the Depths.
             The game lasted 03:42:06 (71265 turns).

MackTheKnife the Ninja (Vampire Enchanter)         Turns: 71265, Time: 03:42:07

Health: -13/176    AC:  0    Str:  7    XL:     22   Next: 18%
Magic:  12/41      EV: 33    Int: 27    God:    Dithmenos [******]
Gold:   3066       SH:  0    Dex: 20    Spells: 1/52 levels left

rFire    . . .     SeeInvis +   (weapon currently unavailable)
rCold    + . .     Gourm    .   (shield currently unavailable)
rNeg     + + +     Faith    .   (armour currently unavailable)
rPois    +         Spirit   .   (helmet currently unavailable)
rElec    .         Reflect  .   (cloak currently unavailable)
rCorr    .         Harm     .   (gloves currently unavailable)
MR       +++++     Clarity  +   (boots currently unavailable)
Stlth    ++++++++++             A - amulet of the Four Winds {rN+ MR+++ Clar}
HPRegen  0.19/turn              (ring currently unavailable)
MPRegen  0.27/turn              (ring currently unavailable)

@: bat-form, flying, regenerating slowly, wreathed by umbra, deflect missiles,
very quick
A: fangs 3, see invisible
}: 3/15 runes: serpentine, barnacled, silver
a: End Transformation, Shadow Step, Shadow Form, Renounce Religion


You were on level 3 of the Depths.
You worshipped Dithmenos.
Dithmenos was exalted by your worship.
You were near bloodless.
You were in vampire-bat-form.
You visited 10 branches of the dungeon, and saw 44 of its levels.
You also visited: Trove, Ice Cave and Volcano.

You collected 5222 gold pieces.
You spent 2156 gold pieces at shops.

Inventory:

Hand Weapons
 a - a +1 quick blade of electrocution (melded)
   (You took it off a deep elf blademaster on level 3 of the Elven Halls)
 b - a +5 rapier of electrocution
   (You took it off a merfolk aquamancer on level 4 of the Shoals)
 W - a +3 dagger of draining
   (You took it off an orc wizard on level 7 of the Dungeon)
Missiles
 Q - a throwing net {=f, !d}
Armour
 d - a +2 cloak (melded)
   (You found it on level 2 of the Dungeon)
 w - a +2 pair of gloves (melded)
   (You found it on level 6 of the Dungeon)
 B - the +0 pair of boots "Cuoga" (melded) {rC+ Str-2 Dex+3}
   (You found it on level 8 of the Dungeon)

   It affects your strength (-2).
   It affects your dexterity (+3).
   It protects you from cold.
 D - a +2 helmet of intelligence (melded)
   (You bought it in a shop on level 2 of the Orcish Mines)
 N - the +3 buckler "Migirudu" (melded) {Str+4 Int+3}
   (You acquired it on level 5 of the Vaults)

   It affects your strength (+4).
   It affects your intelligence (+3).
 T - +5 steam dragon scales (melded)
   (You found it on level 11 of the Dungeon)
Magical Staves
 p - an uncursed staff of wizardry {wiz+, !a}
   (You found it on level 3 of the Elven Halls)
 y - an uncursed staff of energy {@w1+MP, hungerless spells, !d!a}
   (You found it on level 5 of the Dungeon)
Jewellery
 c - the amulet "Nuigiary" {Spirit MR+ Str-3 Slay+5}
   (You found it in a treasure trove)

   [amulet of guardian spirit]

   It causes incoming damage to be split between your health and magic.
   It affects your strength (-3).
   It affects your accuracy and damage with ranged weapons and melee attacks
   (+5).
   It affects your resistance to hostile enchantments.
 i - an uncursed ring of poison resistance {rPois, !d}
   (You found it on level 2 of the Dungeon)
 m - an uncursed ring of wizardry {Wiz+, !d}
   (You found it on level 3 of the Dungeon)
 v - the ring of Ebuxt (melded) {rN+ Dex-2 Slay+5 SInv Stlth+}
   (You bought it in a shop on level 1 of the Elven Halls)

   [ring of positive energy]

   It affects your dexterity (-2).
   It affects your accuracy and damage with ranged weapons and melee attacks
   (+5).
   It protects you from negative energy.
   It lets you see invisible.
   It makes you more stealthy.
 A - the amulet of the Four Winds (around neck) {rN+ MR+++ Clar}
   (You bought it in a shop on level 2 of the Orcish Mines)

   [amulet of nothing]

   It protects you from negative energy.
   It affects your resistance to hostile enchantments.
   It protects you against confusion.
 K - the amulet of Buod {Reflect Slay+2 SH+2}
   (You found it in a treasure trove)

   [amulet of reflection]

   It shields you and reflects attacks.
   It affects your accuracy and damage with ranged weapons and melee attacks
   (+2).
   It affects your SH (+2).
 V - a ring of protection from fire (melded) {rF+, !d}
   (You found it in a treasure trove)
Wands
 j - a wand of digging (3/24)
   (You found it on level 6 of the Lair of Beasts)
 r - a wand of disintegration (7/24)
   (You found it on level 15 of the Dungeon)
Scrolls
 f - 12 scrolls of recharging
 q - a scroll of magic mapping {!r}
 t - 2 scrolls of brand weapon
 z - 2 scrolls of silence
 E - 10 scrolls of remove curse
 G - 3 scrolls of fear
 I - 2 scrolls of vulnerability {!r!r}
 P - a scroll of enchant armour
 U - 5 scrolls of amnesia
Potions
 e - 6 potions of blood {@q1}
 g - 13 potions of curing
 h - 7 potions of cancellation
 l - 5 potions of heal wounds
 n - 4 potions of mutation {!q}
 o - a potion of ambrosia
 u - a potion of flight
 C - 5 potions of haste
 H - 5 potions of brilliance
 S - 2 potions of invisibility
 X - 3 potions of resistance
Miscellaneous
 s - a crystal ball of energy
   (You found it on level 3 of the Elven Halls)
 J - a sack of spiders
 L - a lightning rod (4/4)
   (You found it on level 2 of the Vaults)
 M - a fan of gales
   (You found it on level 3 of the Elven Halls)
 O - a phial of floods
   (You found it on level 3 of the Vaults)
 Z - 2 boxes of beasts


   Skills:
 - Level 15.6 Fighting
 - Level 11.0 Short Blades
 - Level 12.5 Dodging
 O Level 27 Stealth
 - Level 4.0 Shields
 - Level 15.5 Spellcasting
 + Level 7.4 Conjurations
 - Level 18.2 Hexes
 - Level 7.2 Charms
 - Level 17.2 Ice Magic
 - Level 6.4 Air Magic


You had one spell level left.
You knew the following spells:

 Your Spells              Type           Power        Failure   Level  Hunger
a - Ensorcelled Hibernat  Hex/Ice        ######       0%          2    None
b - Glaciate              Conj/Ice       ######....   100%        9    #######
c - Confuse               Hex            #######.     0%          3    None
d - Discord               Hex            #######...   9%          8    #######
e - Bolt of Cold          Conj/Ice       ######....   2%          6    ####...
f - Deflect Missiles      Chrm/Air       ######....   22%         6    ####...
g - Tukima's Dance        Hex            #######.     0%          3    None
h - Summon Mana Viper     Hex/Summ       ######..     1%          5    None
i - Invisibility          Hex            #######.     1%          6    ####...
j - Apportation           Tloc           ###...       2%          1    None
s - Shroud of Golubria    Chrm/Tloc      #####.....   1%          2    None


Dungeon Overview and Level Annotations

Branches:
Dungeon (15/15)            Temple (0/1) D:5            Lair (6/6) D:8
 Shoals (4/4) Lair:2        Snake (4/4) Lair:4        Slime (0/5) Lair:6
    Orc (2/2) D:11            Elf (3/3) Orc:2        Vaults (5/5) D:14
  Crypt (1/3) Vaults:3     Depths (3/5) D:15           Hell (1/1)
    Dis: Hell:1         Geh: Hell:1         Coc: Hell:1         Tar: Hell:1

Altars:
Ashenzari
Cheibriados
Dithmenos
Elyvilon
Gozag
Hepliaklqana
Makhleb
Nemelex Xobeh
Okawaru
Sif Muna
Uskayaw
Vehumet
Wu Jian
Yredelemnul
The Shining One

Shops:
D:9 *   Orc:2 =}*[   Elf:1 =}=[   Elf:2 =!

Portals:
Hell: Depths:1
Abyss: Depths:1
Pandemonium: Depths:3
Ziggurat: Depths:1

Annotations:
D:5 2 runed doors
D:6 2 transporters
D:11 exclusion: downstairs
Shoals:4 exclusion: 2 hogs, Ilsuiw
Snake:2 exclusion: Roxanne, Roxanne
Snake:3 MackTheKnife's ghost, adept DrIE; Zigma's ghost, adept DrMo
Depths:1 exclusion: 3 water elementals
Depths:2 toffzen's ghost, adept DDFi
Depths:3 the Enchantress


Innate Abilities, Weirdness & Mutations

You heal slowly.
You have razor-sharp teeth.
You have supernaturally acute eyesight. (SInv)
((You can survive without breathing.))


Message History

Unknown command.
Here: the Enchantress, wielding a flail of protection, wearing faerie dragon scales and wearing a shiny buckler (fast, slightly transparent, deflecting missiles, umbra)
A scale mail.
The floor.
Unknown command.
You see here a dagger.
Put on which piece of jewellery? (? for menu, Esc to quit)
You remove the amulet "Nuigiary" {Spirit MR+ Str-3 Slay+5}.
The Enchantress mumbles some strange words.
You easily resist.
A - the amulet of the Four Winds (around neck) {rN+ MR+++ Clar}
Here: the Enchantress, wielding a flail of protection, wearing faerie dragon scales and wearing a shiny buckler (fast, slightly transparent, deflecting missiles, umbra)
The floor.
Unknown command.
There isn't anything to bottle or butcher here.
Unknown command.
Unknown command.
Casting: Deflect Missiles
Aim: the Enchantress, wielding a flail of protection, wearing faerie dragon scales and wearing a shiny buckler (fast, slightly transparent, deflecting missiles, umbra, chance to defeat MR: 0%)
Okay, then.
Unknown command.
The Enchantress completely misses you.
A spriggan berserker comes into view. It is wielding a vampiric war axe.
You block the Enchantress's attack.
The spriggan berserker moves out of view.
The cyclops shouts!
The titan shouts!
You hear a shout!
The Enchantress closely misses you.
The yaktaur captain unwields an uncursed arbalest.
The yaktaur captain hits the titan!
The Enchantress barely misses you.
A spriggan rider comes into view. It is wielding a spear.
The titan resists with almost no effort.
The cyclops flies into a frenzy!
The Enchantress resists with almost no effort.
The spriggan rider resists with almost no effort.
The yaktaur captain flies into a frenzy!
The slime creature flies into a frenzy!
The Enchantress hits you with a flail of protection!
The cyclops misses you.
The Enchantress hits you with a flail of protection!
You take 17 damage, and have 159/176 hp.
You now have 28/41 mp.
Unknown command.
The cyclops hits the titan!!
The Enchantress completely misses you.
A white very ugly thing comes into view.
The titan resists with almost no effort.
The Enchantress resists with almost no effort.
The spriggan rider resists with almost no effort.
The white very ugly thing flies into a frenzy!
The Enchantress blocks the cyclops's attack.
The titan hits you!!!
You emit a cloud of dark smoke.
The white very ugly thing moves out of view.
The Enchantress hits you but does no damage.
The spriggan rider hits you but does no damage.
The cyclops shouts!
You take 35 damage, and have 124/176 hp.
You now have 21/41 mp.
Unknown command.
The cyclops completely misses the spriggan rider.
The titan resists with some effort.
The Enchantress resists with almost no effort.
The spriggan rider easily resists.
You feel almost devoid of blood!
The cyclops changes into a redback!
You block the Enchantress's attack. Dithmenos accepts your kill.
You feel a bit more experienced. Dithmenos accepts your kill.
You feel a bit more experienced.
The titan waves its arms in wide circles.
The air twists around and strikes you!
You emit a cloud of dark smoke.
The spriggan rider hits you from afar with a spear!!
The Enchantress barely misses you.
You take 38 damage, and have 86/176 hp.
MASSIVE DAMAGE!!
You now have 13/41 mp.
Okay, then.
You turn into a vampire bat.
Your +1 quick blade of electrocution melds into your body.
Your +2 cloak melds into your body.
Your +2 helmet of intelligence melds into your body.
Your +2 pair of gloves melds into your body.
The +0 pair of boots "Cuoga" {rC+ Str-2 Dex+3} melds into your body.
The +3 buckler "Migirudu" {Str+4 Int+3} melds into your body.
Your +5 steam dragon scales melds into your body.
The ring of Ebuxt {rN+ Dex-2 Slay+5 SInv Stlth+} melds into your body.
Your ring of protection from fire {rF+, !d} melds into your body.
Your +1 quick blade of electrocution stops crackling.
You feel stupid. The titan hits you!!!
* * * LOW HITPOINT WARNING * * *
You emit a cloud of dark smoke.
The Enchantress hits you with a flail of protection!!
* * * LOW HITPOINT WARNING * * *
You emit a cloud of dark smoke.
The spriggan rider misses you.
A spriggan air mage comes into view.
The spriggan air mage shouts!
You take 77 damage, and have 9/176 hp.
MASSIVE DAMAGE!!
You now have 11/41 mp.
The titan hits you!!
You die...

##C#.##......#.....
##.###.#..#.........
##.##
##....##.......
##.## ##.....#i###
#/## #.......#..#
##.## #.......#.#.D#
##.###.§§§...##. ..#
##...#§§i§..∩#.. ...
##...bC§§...##.. .#
#...#.is§....##.. #
#..#.§§§§.....#.##
###.#c§§§.##((.##
#.(.(.....).###.#
#..(((....[(###)#
##...<...J##...##
####......=..(#
#.........##


You could see a titan, the Enchantress (invisible), a spriggan rider, a neutral
yaktaur captain (insane) and a neutral redback shaped shifter.

Vanquished Creatures
  A lich (Depths:1)
  A deep elf blademaster (Elf:3)
  2 titans
  Asterion (Snake:3)
  A deep elf master archer (Elf:3)
  Polyphemus (Shoals:3)
  3 sphinxes
  3 tengu reavers
  4 shadow dragons
  An ancient champion (Vaults:3)
  Kirke (Shoals:4)
  3 nagarajas
  2 frost giants
  4 fire giants
  2 iron dragons
  4 deep elf sorcerers
  Louise (Shoals:3)
  Aizul (Vaults:2)
  6 vault wardens
  3 deep elf elementalists
  6 ironheart preservers
  8 reapers (Depths:1)
  2 war gargoyles
  10 stone giants
  A vampire knight (Depths:1)
  2 very ugly things
  Nessos (D:12)
  A deep elf annihilator (Elf:2)
  A lorocyproca (Depths:1)
  2 deep elf demonologists
  2 spark wasps (Depths:1)
  4 ettins
  7 merfolk impalers
  An eidolon (Vaults:3)
  A deep elf death mage (Elf:3)
  4 fire dragons
  A crystal guardian (Vaults:4)
  2 jiangshi (Crypt:1)
  15 yaktaur captains
  3 merfolk javelineers (Shoals:4)
  4 great orbs of eyes
  10 naga warriors
  7 ice dragons
  7 hydras
  5 deep elf high priests
  2 rakshasas
  13 vault guards
  3 merfolk avatars
  8 ogre magi
  3 death knights
  A spriggan air mage (Depths:3)
  7 centaur warriors
  An anaconda (shapeshifter) (Vaults:5)
  An alligator snapping turtle (Shoals:1)
  A catoblepas (Shoals:2)
  7 anacondas
  15 two-headed ogres
  8 dancing weapons
  4 merfolk aquamancers
  4 death yaks
  A deep troll earth mage (Depths:2)
  3 deep troll shamans (Depths:1)
  2 hell hogs (Depths:1)
  5 orc high priests (Orc:2)
  A titan zombie (Vaults:4)
  6 shock serpents
  8 deep elf knights
  A small abomination (Elf:3)
  5 naga sharpshooters
  2 shadow wraiths
  A skeletal warrior (Hell)
  2 salamander mystics
  A soul eater (Hell)
  A glowing orange brain (Vaults:2)
  10 deep trolls
  4 phantasmal warriors
  5 unseen horrors
  10 sea snakes
  3 flayed ghosts
  10 wizards
  19 orc knights
  3 naga ritualists
  A lindwurm (Lair:3)
  14 deep elf archers
  10 ironbrand convokers
  A wolf spider zombie (D:12)
  6 mana vipers
  13 harpies
  A wolf spider (shapeshifter) (Vaults:5)
  A wolf spider (Vaults:3)
  4 necromancers
  A stone giant zombie (Vaults:1)
  42 deep elf magi
  5 fauns
  3 orc sorcerers
  7 cyclopes
  11 ugly things
  A mana viper (shapeshifter) (Elf:3)
  14 salamanders
  4 centaur zombies
  10 merfolk sirens
  Maurice (D:8)
  7 elephants (Lair:6)
  10 manticores
  11 naga magi
  5 toenail golems (Volcano)
  2 guardian serpents
  4 water nymphs
  24 black mambas
  An ice statue (IceCv)
  A black mamba (shapeshifter) (Vaults:1)
  A molten gargoyle (Depths:2)
  12 spiny frogs
  13 vault sentinels
  2 gargoyles
  An orange demon (Hell)
  3 centaur skeletons
  2 kobold demonologists (D:13)
  2 efreet
  30 yaktaurs
  A komodo dragon (shapeshifter) (Elf:1)
  2 yaktaurs (shapeshifter)
  5 komodo dragons
  14 freezing wraiths
  A human skeleton (Vaults:3)
  6 rime drakes
  A demonic crawler (Depths:1)
  6 ice devils
  2 tengu conjurers
  2 guardian mummies (D:14)
  A queen bee (Lair:1)
  3 meliai (D:14)
  7 trolls
  A hornet (shapeshifter) (Depths:1)
  5 polar bears (Lair:6)
  20 merfolk
  3 wind drakes
  An alligator zombie (Crypt:1)
  13 blink frogs
  25 slime creatures
  6 hornets
  7 snapping turtles
  3 dream sheep
  A meliai zombie (D:13)
  14 hippogriffs
  A stone giant simulacrum (Hell)
  An ettin zombie (Vaults:4)
  Sigmund (D:2)
  10 water elementals
  5 wraiths
  2 air elementals
  7 wyverns
  2 fire elementals (Depths:2)
  A shadow (Vaults:3)
  A human (shapeshifter) (Vaults:2)
  A human (D:14)
  A steam dragon (D:11)
  27 yaks
  3 basilisks
  4 hungry ghosts
  2 golden eyes (shapeshifter)
  A basilisk (shapeshifter) (Elf:3)
  6 wargs
  A deep troll zombie (Vaults:4)
  24 nagas
  A soldier ant (D:14)
  An ogre zombie (Vaults:1)
  An acid dragon (Vaults:1)
  11 porcupines
  16 water moccasins
  51 orc warriors
  7 sky beasts
  A black bear (D:10)
  A meliai simulacrum (D:14)
  10 ice beasts
  An alligator simulacrum (IceCv)
  23 ogres
  A boggart (Vaults:1)
  2 eyes of draining
  3 phantoms
  A necrophage (D:5)
  3 wolves (Lair:2)
  16 centaurs
  13 crocodiles
  A big kobold (shapeshifter) (Vaults:5)
  6 big kobolds
  16 bullfrogs
  3 earth elementals
  An elf simulacrum (Vaults:1)
  A wyvern zombie (D:14)
  A wyvern skeleton (D:7)
  A water moccasin zombie (D:12)
  4 scorpions
  A swamp dragon simulacrum (IceCv)
  24 killer bees (Lair:1)
  16 wights
  An electric eel (Lair:2)
  7 howler monkeys
  5 crimson imps
  3 draconian simulacra (IceCv)
  33 orc priests
  A bullfrog skeleton (D:9)
  8 hounds
  7 iguanas
  An iron imp (Hell)
  5 jellies
  Jessica (D:2)
  28 orc wizards
  3 troll simulacra (IceCv)
  13 worker ants
  2 hell rats (D:8)
  A killer bee zombie (D:6)
  A spriggan simulacrum (IceCv)
  A polar bear simulacrum (IceCv)
  A wolf simulacrum (IceCv)
  6 centaur simulacra
  3 worker ant zombies
  8 gnolls
  6 ogre simulacra (IceCv)
  10 adders
  2 naga simulacra (IceCv)
  3 shadow imps
  13 white imps
  2 oozes
  An adder zombie (D:6)
  2 dart slugs
  A worm (D:4)
  6 leopard geckos
  119 orcs
  6 giant cockroaches
  8 hobgoblins
  6 jackals
  8 quokkas
  8 bats
  5 frilled lizards
  12 goblins
  2 jackal skeletons (D:4)
  20 kobolds
  3 quokka skeletons
  7 rats
  A plant (Shoals:4)
1493 creatures vanquished.

Vanquished Creatures (collateral kills)
  Geryon (Hell)
  A lich (Vaults:5)
  3 tentacled monstrosities
  A deep elf master archer (Elf:3)
  2 deep elf blademasters (Elf:3)
  2 titans (Vaults:5)
  4 nagarajas (Snake:4)
  A shadow dragon (Vaults:5)
  4 deep elf sorcerers
  3 storm dragons
  A frost giant (Depths:1)
  5 vault wardens
  An orc warlord (Vaults:3)
  2 deep elf elementalists (Elf:3)
  2 iron dragons (Depths:1)
  5 ironheart preservers
  3 stone giants
  4 very ugly things (Depths:1)
  2 war gargoyles
  4 deep elf demonologists
  A vampire knight (Vaults:3)
  A lorocyproca (Depths:1)
  4 deep elf annihilators
  A crystal guardian (Vaults:5)
  4 ettins
  A blizzard demon (Hell)
  A fire dragon (Vaults:3)
  3 deep elf death magi
  2 merfolk impalers (Shoals:4)
  5 ogre magi
  7 yaktaur captains
  6 naga warriors (Snake:4)
  24 vault guards
  17 two-headed ogres
  3 centaur warriors
  A merfolk aquamancer (Shoals:4)
  3 deep troll shamans (Depths:1)
  2 hell hogs (Hell)
  3 dancing weapons
  7 deep troll earth magi
  A satyr (Shoals:3)
  A death yak (Shoals:2)
  A naga sharpshooter (Snake:4)
  8 deep elf knights
  A shock serpent (Snake:4)
  A salamander mystic (Snake:3)
  A sixfirhy (Hell)
  12 deep trolls
  A flayed ghost (Vaults:1)
  A glowing orange brain (shapeshifter) (Vaults:5)
  A skeletal warrior (Vaults:1)
  3 salamanders (Snake:4)
  5 deep elf archers
  4 naga ritualists (Snake:4)
  8 ironbrand convokers
  A wizard (Vaults:2)
  A phantasmal warrior (Vaults:4)
  An anaconda skeleton (Hell)
  A necromancer (Vaults:3)
  3 orc knights (Vaults:1)
  14 deep elf magi
  A faun (Shoals:3)
  A mana viper (shapeshifter) (Vaults:3)
  A manticore (Shoals:4)
  2 wolf spiders (Vaults:1)
  2 cyclopes (Vaults:1)
  10 ugly things
  4 merfolk sirens
  A black mamba (shapeshifter) (Vaults:5)
  3 black mambas (Snake:4)
  A fire giant skeleton (Hell)
  4 vault sentinels
  3 guardian serpents
  4 rust devils (Depths:1)
  2 eyes of devastation (Vaults:3)
  9 naga magi
  A rime drake (shapeshifter) (Vaults:2)
  22 yaktaurs
  2 ice devils
  A red devil (Depths:1)
  5 freezing wraiths
  8 merfolk
  A hydra zombie (Hell)
  10 slime creatures
  A wind drake (Shoals:4)
  A troll (Vaults:1)
  3 dream sheep (Shoals:2)
  8 water elementals
  2 alligator skeletons (Hell)
  2 hogs (Shoals:4)
  A fire elemental (Hell)
  14 nagas
  2 hell hounds (Hell)
  A spiny frog skeleton (Hell)
  3 orc warriors (Vaults:1)
  15 ogres
  2 boggarts (Vaults:1)
  2 centaurs (Depths:1)
  3 human zombies (Vaults:3)
  3 earth elementals (Elf:3)
  A killer bee (Lair:1)
  4 crimson imps (Hell)
  An orc priest (Vaults:1)
  2 iron imps (Hell)
  4 orcs (Vaults:1)
  4 crawling corpses (Elf:3)
394 creatures vanquished.

Vanquished Creatures (others)
  A tentacled monstrosity (Vaults:3)
  A deep elf blademaster (Elf:3)
  A nagaraja (Snake:4)
  3 vault wardens (Vaults:5)
  A ghost moth (Vaults:3)
  A reaper (Hell)
  3 ironheart preservers
  3 very ugly things
  A deep elf annihilator (Elf:3)
  A merfolk impaler (Shoals:4)
  3 naga warriors
  3 vault guards
  6 two-headed ogres
  2 ogre magi (Vaults:5)
  A dancing weapon (Shoals:4)
  A deep troll shaman (Vaults:1)
  A naga sharpshooter (Snake:4)
  A hell hog (Hell)
  2 deep trolls
  2 deep elf archers
  2 deep elf knights
  A black mamba (Snake:4)
  A skeletal warrior (Hell)
  3 naga ritualists (Snake:4)
  An ogre (Vaults:5)
  A flayed ghost (Vaults:4)
  An ironbrand convoker (Vaults:1)
  5 ugly things
  4 deep elf magi
  A faun (Shoals:3)
  2 rust devils (Hell)
  7 naga magi (Snake:4)
  A vault sentinel (Vaults:5)
  A hellion (Hell)
  7 yaktaurs
  A freezing wraith (Vaults:4)
  4 nagas
  A red devil (Hell)
  3 ice devils (Hell)
  2 merfolk (Shoals:4)
  A jumping spider (shapeshifter) (Vaults:5)
  A water elemental (Hell)
  2 humans (Shoals:4)
  A warg (Vaults:1)
  An acid dragon (shapeshifter) (Vaults:5)
  A hell hound (Hell)
  2 boggarts (Vaults:1)
  2 centaurs (Depths:1)
  A bullfrog (shapeshifter) (Vaults:1)
  A howler monkey (D:14)
  An iron imp (Hell)
  An orc priest (D:11)
  2 ball lightnings (Depths:2)
  An orc (Vaults:1)
  A fire vortex (Depths:1)
  16 fungi
  40 plants
162 creatures vanquished.

Grand Total: 2049 creatures vanquished

Notes
Turn   | Place    | Note
-------+----------+-------------------------------------------
     0 | D:1      | MackTheKnife the Vampire Enchanter began the quest for the Orb.
     0 | D:1      | Reached XP level 1. HP: 13/13 MP: 3/3
     0 | D:1      | Noticed a shadow dragon
     0 | D:1      | Noticed a tentacled monstrosity
     4 | D:1      | Noticed a large abomination
     6 | D:1      | Noticed a red draconian
     7 | D:1      | Noticed an ice dragon
     9 | D:1      | Noticed a large abomination
    11 | D:1      | Noticed an iron dragon
    11 | D:1      | Noticed a large abomination
    13 | D:1      | Noticed a large abomination
    13 | D:1      | Noticed a tentacled monstrosity
    15 | D:1      | Noticed a large abomination
    15 | D:1      | Noticed an orb of fire
    17 | D:1      | Noticed a black draconian
    17 | D:1      | Noticed a white draconian
    17 | D:1      | Noticed a tentacled monstrosity
    19 | D:1      | Noticed a purple draconian
    19 | D:1      | Noticed a tentacled monstrosity
    21 | D:1      | Noticed a shadow dragon
   329 | D:1      | Reached XP level 2. HP: 8/19 MP: 5/5
   502 | D:1      | Learned a level 2 spell: Ensorcelled Hibernation
   934 | D:1      | Reached skill level 5 in Hexes
  1063 | D:2      | Reached skill level 5 in Stealth
  1063 | D:2      | Reached XP level 3. HP: 17/24 MP: 6/6
  1321 | D:2      | Learned a level 3 spell: Confuse
  1377 | D:2      | Found a radiant altar of Vehumet.
  1533 | D:2      | Noticed Jessica
  1536 | D:2      | Killed Jessica
  1536 | D:2      | Reached XP level 4. HP: 30/30 MP: 8/8
  1697 | D:2      | Reached skill level 3 in Spellcasting
  1733 | D:2      | Noticed Sigmund
  1743 | D:2      | Killed Sigmund
  1743 | D:2      | Reached skill level 7 in Stealth
  1743 | D:2      | Reached skill level 6 in Hexes
  1743 | D:2      | Reached XP level 5. HP: 32/35 MP: 8/10
  2046 | D:3      | Reached XP level 6. HP: 40/41 MP: 11/11
  2970 | D:3      | Reached skill level 8 in Stealth
  3395 | D:4      | Found a shadowy altar of Dithmenos.
  3410 | D:4      | Became a worshipper of Dithmenos the Shadowed
  3567 | D:4      | Found a shattered altar of Ashenzari.
  3572 | D:4      | Reached skill level 9 in Stealth
  3706 | D:4      | Reached XP level 7. HP: 39/46 MP: 12/12
  3897 | D:5      | Entered Level 5 of the Dungeon
  3919 | D:5      | Found a staircase to the Ecumenical Temple.
  3972 | D:5      | Found a deep blue altar of Sif Muna.
  4058 | D:5      | Reached skill level 10 in Stealth
  4112 | D:5      | Found a large runed door.
  4112 | D:5      | Found a large runed door.
  4140 | D:5      | Learned a level 3 spell: Dazzling Spray
  4156 | D:5      | Reached skill level 11 in Stealth
  4193 | D:5      | HP: 7/46 [centaur/arrow (7)]
  4208 | D:5      | HP: 1/46 [orc wizard/puff of flame (7)]
  4972 | D:5      | Reached skill level 12 in Stealth
  4976 | D:5      | Reached XP level 8. HP: 52/52 MP: 4/13
  5295 | D:5      | Reached skill level 13 in Stealth
  5346 | D:5      | Found a large runed door.
  5347 | D:5      | Found a large runed door.
  5391 | D:5      | Noticed a two-headed ogre
  5418 | D:5      | Killed a two-headed ogre
  5418 | D:5      | Reached skill level 15 in Stealth
  5585 | D:5      | Found a hide-covered altar of Uskayaw.
  5840 | D:5      | Noticed a two-headed ogre
  5851 | D:5      | Killed a two-headed ogre
  5851 | D:5      | Reached * piety under Dithmenos
  5851 | D:5      | Reached skill level 16 in Stealth
  5851 | D:5      | Reached XP level 9. HP: 57/57 MP: 9/14
  5979 | D:5      | Reached skill level 17 in Stealth
  6097 | D:6      | Found a transporter.
  6338 | D:6      | Found a transporter.
  6608 | D:6      | Noticed an unseen horror
  6608 | D:6      | Noticed an unseen horror
  6618 | D:6      | Found an ornate altar of the Wu Jian Council.
  6618 | D:6      | Found a hazy altar of Hepliaklqana.
  6674 | D:6      | Found a snail-covered altar of Cheibriados.
  6706 | D:6      | Reached skill level 18 in Stealth
  7095 | D:7      | Found a sparkling altar of Nemelex Xobeh.
  7174 | D:7      | Reached ** piety under Dithmenos
  7195 | D:7      | Reached skill level 19 in Stealth
  7445 | D:7      | Found an iron altar of Okawaru.
  7457 | D:7      | Reached skill level 7 in Hexes
  7585 | D:7      | Reached XP level 10. HP: 63/63 MP: 10/15
  7624 | D:7      | Reached skill level 4 in Spellcasting
  7647 | D:8      | Got a pair of slimy boots
  7737 | D:8      | Reached skill level 8 in Hexes
  7981 | D:8      | Noticed a three-headed hydra
  8038 | D:8      | Killed a three-headed hydra
  8038 | D:8      | Reached skill level 5 in Spellcasting
  8038 | D:8      | Reached skill level 9 in Hexes
  8227 | D:8      | Noticed Maurice
  8229 | D:8      | Killed Maurice
  8229 | D:8      | Reached skill level 1 in Fighting
  8229 | D:8      | Reached skill level 2 in Short Blades
  8257 | D:8      | Identified the cursed +0 pair of boots "Cuoga" {rC+ Str-2 Dex+3} (You found it on level 8 of the Dungeon)
  8495 | D:8      | Noticed a death yak
  8497 | D:8      | Found a staircase to the Lair.
  8499 | D:8      | Noticed a death yak
  8499 | D:8      | Noticed a death yak
  8501 | D:8      | Killed a death yak
  8501 | D:8      | Reached skill level 2 in Fighting
  8501 | D:8      | Reached skill level 3 in Short Blades
  8505 | D:8      | Killed a death yak
  8505 | D:8      | Reached skill level 3 in Fighting
  8511 | D:8      | Reached skill level 4 in Short Blades
  8936 | D:9      | Reached XP level 11. HP: 75/75 MP: 19/19
  8975 | D:9      | Found a burning altar of Makhleb.
  8993 | D:9      | Found Duidexav's General Store.
  8996 | D:9      | Bought a potion of heal wounds for 75 gold pieces
  9327 | D:9      | Found a basalt altar of Yredelemnul.
  9332 | D:9      | Found a glowing golden altar of the Shining One.
  9334 | D:9      | Noticed an angel
  9392 | D:10     | Entered Level 10 of the Dungeon
  9749 | D:10     | Reached *** piety under Dithmenos
 10263 | D:11     | Reached skill level 6 in Spellcasting
 10518 | D:11     | Reached skill level 10 in Hexes
 10520 | D:11     | Reached skill level 20 in Stealth
 10596 | D:12     | Noticed Nessos
 10598 | D:12     | Noticed a five-headed hydra
 10600 | D:12     | Killed Nessos
 10922 | D:11     | Reached **** piety under Dithmenos
 11068 | D:11     | Found a staircase to the Orcish Mines.
 11621 | D:12     | Reached skill level 11 in Hexes
 11673 | D:11     | Reached skill level 7 in Spellcasting
 12501 | D:12     | Noticed an eight-headed hydra
 12514 | D:12     | Killed an eight-headed hydra
 12514 | D:12     | Reached skill level 21 in Stealth
 12514 | D:12     | Reached skill level 12 in Hexes
 12514 | D:12     | Reached XP level 12. HP: 81/81 MP: 23/23
 12599 | D:12     | Killed a five-headed hydra
 12599 | D:12     | Reached skill level 8 in Spellcasting
 13108 | D:13     | Noticed a two-headed ogre
 13200 | D:13     | Reached ***** piety under Dithmenos
 13200 | D:13     | Reached skill level 13 in Hexes
 13353 | D:13     | Killed a two-headed ogre
 13455 | D:14     | Found a frozen archway.
 13466 | IceCv    | Entered an ice cave
 13524 | IceCv    | Reached skill level 9 in Spellcasting
 13792 | IceCv    | Reached skill level 22 in Stealth
 13819 | IceCv    | Found an ancient bone altar of Kikubaaqudgha.
 13889 | IceCv    | Reached skill level 14 in Hexes
 14584 | IceCv    | HP: 16/81 [ice statue/bolt of cold (13)]
 15320 | D:14     | Learned a level 8 spell: Discord
 15366 | D:14     | Noticed a vault guard
 15375 | D:14     | Noticed a vault guard
 15653 | D:12     | Reached XP level 13. HP: 86/86 MP: 22/26
 16167 | Lair:1   | Entered Level 1 of the Lair of Beasts
 16693 | Lair:1   | Reached skill level 10 in Spellcasting
 17151 | Lair:2   | Reached skill level 15 in Hexes
 17347 | Lair:2   | Found a staircase to the Shoals.
 18449 | Lair:4   | Reached skill level 23 in Stealth
 18747 | Lair:4   | Found a staircase to the Snake Pit.
 19276 | Lair:5   | Reached skill level 4 in Fighting
 19301 | Lair:5   | Identified a scroll of acquirement
 20408 | Lair:6   | Entered Level 6 of the Lair of Beasts
 20458 | Lair:6   | Learned a level 5 spell: Yara's Violent Unravelling
 20474 | Lair:6   | Reached skill level 5 in Fighting
 20620 | Lair:6   | Reached XP level 14. HP: 98/98 MP: 23/28
 20666 | Lair:6   | Found a staircase to the Slime Pits.
 21337 | Lair:6   | Reached skill level 6 in Fighting
 21403 | Lair:6   | Reached skill level 24 in Stealth
 21790 | Lair:6   | Reached skill level 7 in Fighting
 22161 | Lair:6   | Got a dazzling plate armour
 22429 | Orc:1    | Entered Level 1 of the Orcish Mines
 22500 | Orc:1    | Found a dark tunnel.
 22507 | Volcano  | Entered a volcano
 22673 | Volcano  | Reached skill level 8 in Fighting
 23452 | Orc:2    | Entered Level 2 of the Orcish Mines
 24000 | Orc:2    | Reached skill level 25 in Stealth
 24105 | Orc:2    | Reached ****** piety under Dithmenos
 24105 | Orc:2    | Reached skill level 11 in Spellcasting
 24105 | Orc:2    | Reached skill level 16 in Hexes
 24578 | Orc:2    | Found Herokk's Gadget Shop.
 24579 | Orc:2    | Found Ifufuw's General Store.
 24579 | Orc:2    | Found Sorog's Antique Armour Shop.
 24580 | Orc:2    | Found Mongod's Jewellery Shop.
 24594 | Orc:2    | Bought the amulet of the Four Winds {rN+ MR+++ Clar} for 658 gold pieces
 24599 | Orc:2    | Bought 2 scrolls of enchant armour for 210 gold pieces
 24601 | Orc:2    | Bought a glowing helmet for 270 gold pieces
 25228 | Orc:2    | Found a staircase to the Elven Halls.
 25285 | Elf:1    | Entered Level 1 of the Elven Halls
 25330 | Elf:1    | Reached XP level 15. HP: 110/110 MP: 26/30
 25831 | Elf:1    | Noticed a deep elf sorcerer
 25833 | Elf:1    | Killed a deep elf sorcerer
 25936 | Elf:1    | Identified the Handbook of Calling
 25986 | Elf:1    | Reached skill level 17 in Hexes
 26085 | Elf:1    | Found Destunt's Jewellery Shop.
 26085 | Elf:1    | Found Kulek's Gadget Shoppe.
 26086 | Elf:1    | Found Guer's Jewellery Shop.
 26095 | Elf:1    | Bought the ring of Ebuxt {rN+ Dex-2 Slay+5 SInv Stlth+} for 863 gold pieces
 26347 | Elf:2    | Found Anlar's Distillery.
 26355 | Elf:2    | Found Foenn's Jewellery Boutique.
 26411 | Elf:2    | Bought a potion of heal wounds for 80 gold pieces
 26439 | Elf:2    | Noticed a deep elf sorcerer
 26441 | Elf:2    | Killed a deep elf sorcerer
 26726 | Elf:2    | Reached skill level 12 in Spellcasting
 26776 | Elf:3    | Entered Level 3 of the Elven Halls
 26965 | Elf:3    | Reached skill level 26 in Stealth
 27753 | D:13     | Got a scorched hand axe {flame}
 28109 | D:14     | Reached skill level 18 in Hexes
 28559 | D:14     | Found a deep blue altar of Sif Muna.
 28582 | D:14     | Found a portal to a secret trove of treasure.
 29310 | D:14     | Reached XP level 16. HP: 117/117 MP: 15/32
 29342 | D:14     | Found a gate to the Vaults.
 29415 | D:15     | Entered Level 15 of the Dungeon
 29472 | D:15     | Reached skill level 13 in Spellcasting
 29774 | D:15     | Found a white marble altar of Elyvilon.
 29868 | D:15     | Got a heavily runed chain mail
 29969 | D:15     | Reached skill level 27 in Stealth
 29996 | D:14     | HP: 20/117 [death knight/enchanted battleaxe (15)]
 30795 | D:15     | Reached skill level 5 in Short Blades
 30846 | D:15     | Found a staircase to the Depths.
 31066 | Depths:1 | Entered Level 1 of the Depths
 31098 | D:15     | Reached skill level 1 in Shields
 31707 | Snake:1  | Entered Level 1 of the Snake Pit
 31886 | Snake:1  | Reached skill level 2 in Shields
 31904 | Snake:1  | Reached skill level 3 in Shields
 32139 | Snake:1  | Reached skill level 4 in Shields
 32446 | Snake:2  | Reached skill level 6 in Short Blades
 32507 | Snake:2  | Noticed Roxanne
 32539 | Snake:2  | Reached skill level 9 in Fighting
 33246 | Snake:3  | Reached skill level 7 in Short Blades
 33528 | Snake:3  | Noticed MackTheKnife's ghost (adept DrIE)
 33739 | Snake:3  | Noticed Zigma's ghost (adept DrMo)
 34177 | Snake:4  | Entered Level 4 of the Snake Pit
 34276 | Snake:4  | Noticed Asterion
 34545 | Shoals:1 | Entered Level 1 of the Shoals
 34622 | Shoals:1 | Reached skill level 8 in Short Blades
 34744 | Shoals:1 | Reached XP level 17. HP: 127/127 MP: 34/34
 34945 | Shoals:1 | Noticed a kraken
 35156 | Shoals:2 | Reached skill level 10 in Fighting
 35224 | Shoals:3 | Noticed Polyphemus
 35227 | Shoals:3 | Killed Polyphemus
 35265 | Shoals:2 | Reached skill level 9 in Short Blades
 35557 | Shoals:4 | Entered Level 4 of the Shoals
 35754 | Shoals:4 | Noticed Ilsuiw
 35936 | Shoals:3 | Noticed Louise
 35941 | Shoals:3 | Killed Louise
 36043 | Shoals:4 | Noticed Kirke
 36058 | Shoals:4 | Killed Kirke
 36058 | Shoals:4 | Reached skill level 10 in Short Blades
 36071 | Shoals:4 | Reached skill level 11 in Fighting
 37159 | Depths:1 | Found a gateway to Hell.
 37389 | Depths:2 | Reached skill level 3 in Dodging
 37745 | Depths:1 | Found a gateway to a ziggurat.
 37976 | Hell     | Entered the Vestibule of Hell
 37976 | Hell     | Noticed Geryon
 37978 | Hell     | Noticed a tentacled monstrosity
 38015 | Depths:3 | Found a one-way gate leading to the halls of Pandemonium.
 38021 | Depths:3 | Reached skill level 4 in Dodging
 38745 | Shoals:1 | Reached skill level 5 in Dodging
 39237 | Shoals:4 | Reached skill level 12 in Fighting
 39434 | Shoals:4 | Reached skill level 6 in Dodging
 40834 | Snake:4  | Reached skill level 7 in Dodging
 40834 | Snake:4  | Reached XP level 18. HP: 139/140 MP: 33/35
 41778 | Elf:1    | Found Vuzxumaf's Armour Shoppe.
 41987 | Elf:3    | Reached skill level 8 in Dodging
 42444 | Elf:3    | Reached skill level 13 in Fighting
 43865 | Depths:2 | Noticed toffzen's ghost (adept DDFi)
 43903 | Depths:1 | Reached skill level 14 in Spellcasting
 44248 | Lair:6   | Learned a level 6 spell: Deflect Missiles
 44252 | Lair:6   | Learned a level 3 spell: Tukima's Dance
 44472 | D:11     | Learned a level 5 spell: Summon Mana Viper
 44574 | Elf:2    | HP: 28/143 [scimitar of holy wrath (18)]
 45190 | Elf:3    | Reached skill level 1 in Charms
 45190 | Elf:3    | Reached skill level 1 in Air Magic
 45610 | Elf:3    | Reached skill level 2 in Charms
 45621 | Elf:3    | Reached skill level 2 in Air Magic
 45662 | Elf:3    | Reached skill level 3 in Charms
 45695 | Elf:3    | Noticed a Brimstone Fiend
 46665 | Elf:3    | Reached skill level 3 in Air Magic
 46838 | Elf:3    | Got a pitted ivory amulet
 46839 | Elf:3    | Identified the amulet of Qetolaz {+Rage +Inv} (You took it off a deep elf elementalist on level 3 of the Elven Halls)
 47167 | Elf:3    | Reached skill level 4 in Charms
 47306 | Elf:3    | Got a scorched trident
 47312 | Elf:3    | Identified the Handbook of Stolen Souls and Hexes
 47321 | Elf:3    | Learned a level 6 spell: Invisibility
 47324 | Elf:3    | Got an encrusted whip
 47337 | Elf:3    | Got a shimmering trident
 47362 | Elf:3    | Got a faintly glowing rapier
 47363 | Elf:3    | Identified the +5 rapier of Gozag's Approval {flame, rN+} (You found it on level 3 of the Elven Halls)
 47396 | Elf:3    | Got a shimmering hand crossbow
 47397 | Elf:3    | Identified the Reference Book on Confrontation and Poisoning
 47553 | Elf:3    | Reached skill level 4 in Air Magic
 48051 | Shoals:4 | Got a barnacled rune of Zot
 49041 | Vaults:1 | Entered Level 1 of the Vaults
 49053 | Vaults:1 | Reached skill level 5 in Charms
 49291 | Vaults:1 | Reached skill level 5 in Air Magic
 49660 | Vaults:1 | Noticed Aizul
 49897 | Vaults:1 | Reached skill level 6 in Charms
 50158 | Vaults:1 | Reached XP level 19. HP: 126/149 MP: 28/37
 50524 | Vaults:1 | Reached skill level 6 in Air Magic
 51115 | Vaults:1 | Reached skill level 7 in Charms
 52220 | Vaults:2 | Reached skill level 11 in Short Blades
 52223 | Vaults:2 | Reached skill level 15 in Spellcasting
 52432 | Vaults:2 | Learned a level 6 spell: Bolt of Cold
 52465 | Vaults:2 | Reached skill level 1 in Ice Magic
 52536 | Vaults:2 | Reached skill level 2 in Ice Magic
 52637 | Vaults:2 | Reached skill level 3 in Ice Magic
 52971 | Vaults:2 | Reached skill level 4 in Ice Magic
 53087 | Vaults:2 | Reached skill level 5 in Ice Magic
 53237 | Vaults:2 | Reached skill level 6 in Ice Magic
 53262 | Vaults:2 | Reached skill level 7 in Ice Magic
 53573 | Vaults:3 | Reached skill level 8 in Ice Magic
 53751 | Vaults:3 | Reached skill level 9 in Ice Magic
 54153 | Vaults:3 | Reached skill level 10 in Ice Magic
 54574 | Vaults:3 | Found a staircase to the Crypt.
 54836 | Vaults:3 | Reached skill level 11 in Ice Magic
 54876 | Vaults:3 | Reached skill level 12 in Ice Magic
 55132 | Vaults:3 | Reached skill level 13 in Ice Magic
 55410 | Vaults:3 | Reached XP level 20. HP: 147/156 MP: 32/39
 55733 | Vaults:3 | Reached skill level 14 in Ice Magic
 55878 | Vaults:4 | Reached skill level 15 in Ice Magic
 55984 | Vaults:4 | Found an opulent altar of Gozag.
 56334 | Vaults:4 | Reached skill level 16 in Ice Magic
 56683 | Vaults:4 | Reached skill level 17 in Ice Magic
 56943 | Vaults:4 | Reached skill level 9 in Dodging
 57303 | Vaults:5 | Entered Level 5 of the Vaults
 57393 | Vaults:2 | Killed Aizul
 57805 | Snake:3  | Killed Asterion
 58137 | Snake:4  | Reached skill level 10 in Dodging
 58455 | Snake:4  | Got a creamy pearl robe
 58461 | Snake:4  | Identified the +1 robe "Zoskotith" {Slay+5 SInv} (You took it off a naga ritualist on level 4 of the Snake Pit)
 59273 | Snake:4  | Got a serpentine rune of Zot
 59311 | Snake:4  | Reached skill level 11 in Dodging
 60010 | Depths:1 | Found a sparkling altar of Nemelex Xobeh.
 60133 | Depths:1 | Reached skill level 14 in Fighting
 60215 | Depths:1 | HP: 35/159 [deep troll (19)]
 60473 | D:15     | Reached XP level 21. HP: 135/165 MP: 36/40
 60628 | Depths:1 | Found a one-way gate to the infinite horrors of the Abyss.
 61142 | Vaults:5 | Reached skill level 12 in Dodging
 61533 | Vaults:5 | Got a silver rune of Zot
 61698 | Vaults:5 | Got a faintly glowing buckler
 61709 | Vaults:5 | Identified the +3 buckler "Migirudu" {Str+4 Int+3} (You acquired it on level 5 of the Vaults)
 61975 | Vaults:5 | Reached skill level 15 in Fighting
 62055 | Vaults:5 | Identified Bukhlaemu's Collected Works on Confrontation
 62734 | Vaults:5 | Identified the Disquisition on Contamination and Dislocation
 62740 | Vaults:5 | Learned a level 2 spell: Shroud of Golubria
 63445 | Vaults:5 | Reached skill level 1 in Conjurations
 63571 | Vaults:5 | Reached skill level 2 in Conjurations
 64543 | Depths:1 | Reached skill level 3 in Conjurations
 65749 | Depths:1 | Reached skill level 4 in Conjurations
 65812 | Depths:1 | HP: 28/169 [reaper/scythe of venom (24)]
 67756 | Depths:1 | Reached skill level 5 in Conjurations
 68507 | Crypt:1  | Entered Level 1 of the Crypt
 68922 | Vaults:3 | Reached XP level 22. HP: 176/176 MP: 39/41
 69071 | Depths:1 | Reached skill level 6 in Conjurations
 69125 | Depths:1 | Noticed a juggernaut
 69598 | Hell     | Killed Geryon
 69968 | Depths:1 | Learned a level 9 spell: Glaciate
 70007 | Depths:1 | Learned a level 1 spell: Apportation
 70379 | D:14     | Reached skill level 7 in Conjurations
 70423 | D:14     | You paid a toll of the horn of Geryon to enter a treasure trove
 70424 | Trove    | Entered a treasure trove
 70429 | Trove    | Got a warped silver amulet
 70431 | Trove    | Got a clouded iron amulet
 70435 | Trove    | Got a twitching graven amulet
 70440 | Trove    | Identified the amulet "Buipluiv" {*Contam rPois Regen+ Dex+2} (You found it in a treasure trove)
 70442 | Trove    | Identified the amulet of Buod {Reflect Slay+2 SH+2} (You found it in a treasure trove)
 70471 | Trove    | Identified the amulet of Vehumet's Indignation {+Rage Slay+3} (You found it in a treasure trove)
 70477 | Trove    | Got a glittering platinum amulet
 70478 | Trove    | Identified the amulet "Nuigiary" {Spirit MR+ Str-3 Slay+5} (You found it in a treasure trove)
 70484 | Trove    | Got a transparent amber ring
 70485 | Trove    | Identified the ring of Lesser Demons {Int+4 Dex+3} (You found it in a treasure trove)
 70488 | Trove    | Got a flickering silver ring
 70489 | Trove    | Identified the ring of Pecwuf {+Fly rPois Int-4 Dex+2} (You found it in a treasure trove)
 71246 | Depths:3 | Noticed the Enchantress
 71264 | Depths:3 | HP: 31/176 [titan (55)]
 71264 | Depths:3 | HP: 9/176 [the Enchantress/flail of protection (22)]
 71265 | Depths:3 | Mangled by a titan

Vault maps used:
D:1:      shiori_arrival_whats_in_store_for_you, hangedman_decor_points
D:2:      fiery_altar_vehumet, serial_co_window_serial, co_window_corner_a,
          co_window_of_opportunity_a, co_window_paths_a, co_window_paths_b,
          co_window_paths_b, co_window_of_opportunity_b,
          co_window_of_opportunity_c, co_window_unsneaky_path_b,
          co_window_broadway_b, co_window_of_opportunity_b,
          co_window_broadway_c, glass_columns_a, kennysheep_generic_room_11,
          uniq_jessica, uniq_sigmund
D:4:      grunt_dithmenos_shadows, overflow_temple_1_default, first_bread
D:5:      lemuel_crystal_altar, minmay_temple_entry_statues, basic_altar,
          minmay_misc_feat_tower, minivault_27, minmay_hollow_rounded_squares
D:6:      kennysheep_six_static_rooms, gammafunk_temple_overflow_arena,
          basic_altar
D:7:      overflow_temple_1_default, okawaru_ov_weapons_minmay
D:8:      dpeg_lair_monsters, hangedman_ranch, uniq_maurice
D:9:      grunt_temple_overflow_holy_war, serial_shops, kennysheep_mini_moat,
          basic_altar
D:10:     kennysheep_generic_room_9
D:11:     hiddenorc2_lemuel
D:12:     uniq_nessos
D:14:     grunt_vaults_entry_fortified, nicolae_trove_entry_path_of_doom,
          hangedman_decor_opposing, portal_ice_cave_demonic_guard,
          lemuel_blue_sif_altar
D:15:     grunt_enter_depths_snipers, elyvilon_altar_1
Lair:2:   elwin_shoals_entry_rocks, fungi_pond_lemuel, grunt_megastairs_5
Lair:4:   guppyfry_snake_entry_garden
Lair:6:   gammafunk_lair_ancient_temple, nicolae_slime_entry_slimehenge
Shoals:1: nicolae_shoals_circle_sea_wall
Shoals:3: nicolae_shoals_cliffside_cave, uniq_louise, uniq_polyphemus
Shoals:4: shoals_end_grunt_ice, shoal_ilsuiw, uniq_kirke
Snake:2:  basic_stair_grate_trap, uniq_roxanne
Snake:4:  snake_pit, serial_bayou_shore_b, uniq_asterion
Orc:1:    lightli_volcano_entry_magma_tube
Orc:2:    st_orc_pillars
Elf:1:    serial_shops, shop, minmay_elf_demonology, minmay_shop_grove
Elf:2:    minmay_fountain_box, minmay_shoptagon
Elf:3:    minmay_elf_hall_circle
Vaults:1: hangedman_vaults_nodes, v_rooms_5, nicolae_vaults_specimen_jars,
          nicolae_vaults_an_arrangement, grunt_vaults_twisty, v_misc_22,
          hangedman_vaults_stitches, hangedman_vaults_slither,
          nicolae_vaults_triangles, vaults_mumra_lcd, v_misc_24, v_misc_17,
          uniq_aizul
Vaults:2: vaults_room_stairs_pillars, grunt_vaults_trifunnel, vaults_dpeg_cross,
          nicolae_vaults_theta, nicolae_vaults_little_squares_3,
          nicolae_vaults_diagonal_hallway_6, nicolae_vaults_diagonal_hallway_8,
          v_misc_3, v_rooms_3, ontoclasm_vaults_fault,
          nicolae_vaults_three_branches, serial_ice_m
Vaults:3: st_greater_box_1, ontoclasm_vaults_gateway,
          nicolae_vaults_little_squares_6, nicolae_vaults_network_star,
          nicolae_vaults_circle_grid_a, nicolae_vaults_mini_display_case,
          minmay_crypt_entry_simple_corners, nicolae_vaults_ring_of_whatevers,
          grunt_vaults_focal, v_misc_31, nicolae_vaults_little_squares_4,
          nicolae_vaults_ring_of_whatevers
Vaults:4: nicolae_vaults_sealed_display, vaults_room_fours, v_misc_10,
          v_misc_24, nicolae_vaults_alarming, nicolae_vaults_little_squares_3,
          hangedman_vaults_locks, v_misc_11, nicolae_vaults_theta,
          vaults_dpeg_encased_lava, st_lattice, nicolae_vaults_theta,
          vaults_room_pools, basic_altar
Crypt:1:  grunt_crypt_arrival_split
Depths:1: enter_ziggurat_a, hell_entry, nemelex_xobeh_ov_fountains_minmay,
          hangedman_abyss_entry_splay, dk_noncrumbling_3, minmay_misc_feat_chi,
          minmay_metal_thing
Depths:2: radiant_caverns_a_rkd, serial_shops, abyss_entry, hell_entry
Depths:3: minmay_bad_star, pan_entry, abyss_entry, hangedman_geh_valley,
          infiniplex_staircase_pool_2, uniq_enchantress
Trove:    trove_jewel_2
IceCv:    ice_cave_small_necro
Volcano:  volcano_bunker

Skill      XL: |  1  2  3  4  5  6  7  8  9 10 11 12 13 14 15 16 17 18 19 20 21 22 |
---------------+-------------------------------------------------------------------+-----
Hexes          | 5 6 7 9 12 14 15 16 18 | 18.2
Stealth        | 5 7 9 12 16 19 21 22 23 25 26 27 | 27.0
Spellcasting   | 3 5 7 9 10 11 12 13 14 15 | 15.5
Fighting       | 3 5 8 9 12 13 14 15 | 15.6
Short Blades   | 4 8 10 11 | 11.0
Shields        | 4 |  4.0
Dodging        | 7 8 11 12 | 12.5
Charms         | 6 7 |  7.2
Air Magic      | 5 6 |  6.4
Ice Magic      | 13 17 | 17.2
Conjurations   | 5 7 |  7.4

Action                   |  1- 3 |  4- 6 |  7- 9 | 10-12 | 13-15 | 16-18 | 19-21 | 22-24 || total
-------------------------+-------+-------+-------+-------+-------+-------+-------+-------++-------
Melee: Dagger            |    92 |   157 |   229 |   648 |   921 |   794 |    99 |     8 ||  2948
       Bite              |     8 |    16 |    11 |    52 |    64 |    66 |   123 |    22 ||   362
       Short sword       |       |       |       |    51 |   107 |       |       |       ||   158
       Staff             |       |       |       |       |     5 |       |       |       ||     5
       Rapier            |       |       |       |       |       |    71 |  1168 |    62 ||  1301
       Quick blade       |       |       |       |       |       |    15 |       |    67 ||    82
 Cast: Ensorcelled Hiber |       |     5 |    12 |    19 |   226 |   258 |    17 |     1 ||   538
       Confuse           |       |     3 |    35 |   107 |   107 |   125 |   101 |     2 ||   480
       Dazzling Spray    |       |       |       |    10 |     9 |     1 |       |       ||    20
       Discord           |       |       |       |       |     2 |    48 |    74 |    13 ||   137
       Summon Mana Viper |       |       |       |       |       |    14 |    65 |     6 ||    85
       Tukima's Dance    |       |       |       |       |       |     8 |     7 |       ||    15
       Deflect Missiles  |       |       |       |       |       |       |     6 |     1 ||     7
       Invisibility      |       |       |       |       |       |       |     6 |     2 ||     8
       Shroud of Golubri |       |       |       |       |       |       |     1 |     1 ||     2
       Apportation       |       |       |       |       |       |       |       |     1 ||     1
Invok: Shadow Step       |       |       |       |     7 |    21 |    21 |     3 |       ||    52
 Abil: Bat Form          |       |       |       |       |       |     9 |     8 |     2 ||    19
       End Transformatio |       |       |       |       |       |     9 |     8 |     1 ||    18
Evoke: Wand              |       |       |       |     1 |     5 |     9 |     7 |       ||    22
       Sack of spiders   |       |       |       |       |     4 |       |     5 |       ||     9
       Phial of floods   |       |       |       |       |       |       |     2 |       ||     2
       Fan of gales      |       |       |       |       |       |       |     1 |       ||     1
  Use: Scroll            |     4 |     5 |    11 |    17 |    18 |    34 |    14 |     6 ||   109
       Potion            |     1 |     7 |    12 |    25 |    23 |    55 |    54 |    10 ||   187
 Stab: Sleeping          |    13 |    16 |    25 |    96 |   284 |   225 |   139 |     1 ||   799
       Confused          |       |     1 |    16 |    64 |    56 |    53 |    44 |       ||   234
       Distracted        |       |       |     1 |     6 |     3 |     9 |    31 |     4 ||    54
       Invisible         |       |       |       |     3 |       |       |     2 |     2 ||     7
       Petrified         |       |       |       |       |       |     1 |       |       ||     1
Armor: Robe              |    13 |    30 |    54 |    16 |       |       |       |       ||   113
       Leather armour    |       |       |       |    55 |       |       |       |       ||    55
       Steam dragon scal |       |       |       |    65 |   256 |   234 |   227 |    35 ||   817
Dodge: Dodged            |    49 |    71 |   127 |   399 |   608 |   449 |   667 |   114 ||  2484
       Deflected         |       |       |       |       |       |       |    39 |     8 ||    47
Block: Buckler           |       |       |       |       |       |   135 |   278 |    47 ||   460

Vault maps used:
D:1:      shiori_arrival_whats_in_store_for_you, hangedman_decor_points
D:2:      fiery_altar_vehumet, serial_co_window_serial, co_window_corner_a,
          co_window_of_opportunity_a, co_window_paths_a, co_window_paths_b,
          co_window_paths_b, co_window_of_opportunity_b,
          co_window_of_opportunity_c, co_window_unsneaky_path_b,
          co_window_broadway_b, co_window_of_opportunity_b,
          co_window_broadway_c, glass_columns_a, kennysheep_generic_room_11,
          uniq_jessica, uniq_sigmund
D:4:      grunt_dithmenos_shadows, overflow_temple_1_default, first_bread
D:5:      lemuel_crystal_altar, minmay_temple_entry_statues, basic_altar,
          minmay_misc_feat_tower, minivault_27, minmay_hollow_rounded_squares
D:6:      kennysheep_six_static_rooms, gammafunk_temple_overflow_arena,
          basic_altar
D:7:      overflow_temple_1_default, okawaru_ov_weapons_minmay
D:8:      dpeg_lair_monsters, hangedman_ranch, uniq_maurice
D:9:      grunt_temple_overflow_holy_war, serial_shops, kennysheep_mini_moat,
          basic_altar
D:10:     kennysheep_generic_room_9
D:11:     hiddenorc2_lemuel
D:12:     uniq_nessos
D:14:     grunt_vaults_entry_fortified, nicolae_trove_entry_path_of_doom,
          hangedman_decor_opposing, portal_ice_cave_demonic_guard,
          lemuel_blue_sif_altar
D:15:     grunt_enter_depths_snipers, elyvilon_altar_1
Lair:2:   elwin_shoals_entry_rocks, fungi_pond_lemuel, grunt_megastairs_5
Lair:4:   guppyfry_snake_entry_garden
Lair:6:   gammafunk_lair_ancient_temple, nicolae_slime_entry_slimehenge
Shoals:1: nicolae_shoals_circle_sea_wall
Shoals:3: nicolae_shoals_cliffside_cave, uniq_louise, uniq_polyphemus
Shoals:4: shoals_end_grunt_ice, shoal_ilsuiw, uniq_kirke
Snake:2:  basic_stair_grate_trap, uniq_roxanne
Snake:4:  snake_pit, serial_bayou_shore_b, uniq_asterion
Orc:1:    lightli_volcano_entry_magma_tube
Orc:2:    st_orc_pillars
Elf:1:    serial_shops, shop, minmay_elf_demonology, minmay_shop_grove
Elf:2:    minmay_fountain_box, minmay_shoptagon
Elf:3:    minmay_elf_hall_circle
Vaults:1: hangedman_vaults_nodes, v_rooms_5, nicolae_vaults_specimen_jars,
          nicolae_vaults_an_arrangement, grunt_vaults_twisty, v_misc_22,
          hangedman_vaults_stitches, hangedman_vaults_slither,
          nicolae_vaults_triangles, vaults_mumra_lcd, v_misc_24, v_misc_17,
          uniq_aizul
Vaults:2: vaults_room_stairs_pillars, grunt_vaults_trifunnel, vaults_dpeg_cross,
          nicolae_vaults_theta, nicolae_vaults_little_squares_3,
          nicolae_vaults_diagonal_hallway_6, nicolae_vaults_diagonal_hallway_8,
          v_misc_3, v_rooms_3, ontoclasm_vaults_fault,
          nicolae_vaults_three_branches, serial_ice_m
Vaults:3: st_greater_box_1, ontoclasm_vaults_gateway,
          nicolae_vaults_little_squares_6, nicolae_vaults_network_star,
          nicolae_vaults_circle_grid_a, nicolae_vaults_mini_display_case,
          minmay_crypt_entry_simple_corners, nicolae_vaults_ring_of_whatevers,
          grunt_vaults_focal, v_misc_31, nicolae_vaults_little_squares_4,
          nicolae_vaults_ring_of_whatevers
Vaults:4: nicolae_vaults_sealed_display, vaults_room_fours, v_misc_10,
          v_misc_24, nicolae_vaults_alarming, nicolae_vaults_little_squares_3,
          hangedman_vaults_locks, v_misc_11, nicolae_vaults_theta,
          vaults_dpeg_encased_lava, st_lattice, nicolae_vaults_theta,
          vaults_room_pools, basic_altar
Crypt:1:  grunt_crypt_arrival_split
Depths:1: enter_ziggurat_a, hell_entry, nemelex_xobeh_ov_fountains_minmay,
          hangedman_abyss_entry_splay, dk_noncrumbling_3, minmay_misc_feat_chi,
          minmay_metal_thing
Depths:2: radiant_caverns_a_rkd, serial_shops, abyss_entry, hell_entry
Depths:3: minmay_bad_star, pan_entry, abyss_entry, hangedman_geh_valley,
          infiniplex_staircase_pool_2, uniq_enchantress
Trove:    trove_jewel_2
IceCv:    ice_cave_small_necro
Volcano:  volcano_bunker

Table legend:
 A = Turns spent in this place as a percentage of turns spent in the entire game.
 B = Non-inter-level travel turns spent in this place as a percentage of non-inter-level travel turns spent in the entire game.
 C = Inter-level travel turns spent in this place as a percentage of turns spent in this place.
 D = Turns resting spent in this place as a percentage of non-inter-level travel turns spent in this place.
 E = Turns spent auto-exploring this place as a percentage of non-inter-level travel turns spent in this place.
 F = Non-inter-level travel turns spent in this place divided by the number of levels of this place that you've seen.
                   A       B       C       D       E      F
               +-------+-------+-------+-------+-------+----------------------
         Total | 100.0 | 100.0 |   0.8 |   2.7 |   5.2 | 545.1
       Dungeon |  24.4 |  24.3 |   1.2 |   2.3 |   7.9 | 415.1
          Lair |   7.6 |   7.6 |   0.9 |   2.0 |   6.9 | 324.2
        Shoals |  10.9 |  11.0 |   0.6 |   3.2 |   1.0 | 702.2
     Snake Pit |   9.2 |   9.2 |   0.9 |   2.0 |   6.3 | 589.8
  Orcish Mines |   4.9 |   4.9 |   0.2 |   3.1 |   4.6 | 628.0
   Elven Halls |   9.0 |   9.0 |   1.0 |   2.2 |   4.9 | 771.0
        Vaults |  18.2 |  18.2 |   0.5 |   2.5 |   6.4 | 933.8
         Crypt |   0.3 |   0.3 |   0.0 |   0.0 |   2.3 |  86.0
        Depths |  10.7 |  10.6 |   1.0 |   3.6 |   1.7 | 909.0
          Hell |   0.6 |   0.6 |   0.0 |   0.0 |   0.0 | 153.0
         Trove |   0.3 |   0.3 |   0.0 |   0.0 |   0.0 |  84.0
      Ice Cave |   2.7 |   2.7 |   0.0 |   2.6 |   0.7 | 685.0
       Volcano |   1.2 |   1.2 |   0.0 |  12.4 |   0.0 | 307.0
               +-------+-------+-------+-------+-------+----------------------

Table legend:
 A = Kills in this place as a percentage of kills in entire the game.
 B = Kills by you in this place as a percentage of kills by you in the entire game.
 C = Kills by friends in this place as a percentage of kills by friends in the entire game.
 D = Other kills in this place as a percentage of other kills in the entire game.
 E = Experience gained in this place as a percentage of experience gained in the entire game.
 F = Experience gained in this place divided by the number of levels of this place that you have seen.
                   A       B       C       D       E      F
               +-------+-------+-------+-------+-------+----------------------
         Total | 100.0 | 100.0 | 100.0 | 100.0 | 100.0 | 15586.8
       Dungeon |  25.4 |  32.5 |   2.3 |   5.4 |  11.7 | 5700.6
          Lair |   9.0 |  11.4 |   0.3 |   6.8 |   5.7 | 6960.8
        Shoals |   7.0 |   7.2 |   6.7 |   4.1 |   9.5 | 17370.8
     Snake Pit |   8.5 |   7.4 |  12.3 |  10.8 |  10.7 | 19678.2
  Orcish Mines |   6.2 |   8.2 |   0.0 |   0.0 |   2.2 | 8060.5
   Elven Halls |   6.5 |   5.4 |  10.8 |   6.8 |  10.8 | 26316.7
        Vaults |  25.4 |  17.8 |  49.7 |  50.0 |  34.7 | 50858.4
         Crypt |   0.2 |   0.2 |   0.0 |   0.0 |   0.3 | 2135.0
        Depths |   6.7 |   5.1 |  12.6 |   6.8 |  11.7 | 28626.3
          Hell |   1.7 |   0.4 |   5.4 |   9.5 |   1.1 | 7919.0
      Ice Cave |   2.8 |   3.6 |   0.0 |   0.0 |   0.8 | 6172.0
       Volcano |   0.5 |   0.7 |   0.0 |   0.0 |   0.8 | 5642.0
               +-------+-------+-------+-------+-------+----------------------
